Description

vous attaquez à environ 4:20 avec 2imortel et 8 zélote. vous devez créé des zélote et immortel en continu après 4:10.

12 0:11 Pylon
13 0:20 Assimilator
13 0:35 Gateway
17 1:21 Cybernetics Core
18 1:30 Pylon
19 1:57 Robotics Facility
19 1:59 Warp Gate (Chrono Boost)
19 2:00 Zealot
21 2:04 Gateway
21 2:20 Pylon
21 2:27 Zealot
23 2:44 Immortal (Chrono Boost)
27 2:53 Zealot
27 2:54 Zealot
31 3:20 Zealot
31 3:21 Zealot, Immortal (Chrono Boost)
39 3:27 Pylon
39 3:55 Immortal (Chrono Boost)
39 4:10 Zealot x2

VOD

https://www.youtube.com/watch?v=lBzuy7v5rH0&feature=youtu.be

Replay - PvZ CHEESE 2gate robot zélote imortel

Build Order

Get SALT Encoding   

Spawning Tool Build Advisor. Get it on Overwolf

Go to:

Details

  • Created by: defer
  • Published on: Jul 09, 2017
  • Modified on: Jul 24, 2017
  • Patch: 3.8.0
Show
View Real Time Build Order
Export as new Build Order

Comments (0)

There are no comments. Be the first!

Create an account to comment!